 Dungeon Sprint DCSS version 0.31-a0-750-gfe7b580527 (webtiles) character file.

Game seed: 6367206895785073219

145 rocky1 the Zephyrmancer (level 5, -8/28 HPs)
             Began as a Tengu Air Elementalist on Sept 15, 2023.
             Was an Initiate of Gozag.
             Mangled by a two-headed ogre
             ... wielding a +0 giant spiked club
              (17 damage)
             ... in the Dungeon (Sprint IX: "|||||||||||||||||||||||||||||").
             The game lasted 00:01:36 (303 turns).

rocky1 the Zephyrmancer (Tengu Air Elementalist)     Turns: 303, Time: 00:01:36

Health: -8/28      AC:  5    Str:  9    XL:     5   Next: 27%
Magic:  9/12       EV: 14    Int: 18    God:    Gozag
Gold:   0          SH:  0    Dex: 16    Spells: 7/13 levels left

rFire   . .          .
                       - Unarmed
rCold   . . .        (no shield)
rNeg    . . .        a - +0 robe
rPois   .            (helmet restricted)
rElec   .            k - +0 cloak
rCorr   .            (no gloves)
SInv    .            (boots unavailable)
Will    .....        (no amulet)
Stlth   ++           l - +3 ring of intelligence
HPRegen 0.24/turn    n - +2 ring of protection
MPRegen 0.13/turn

%: no teleportation, acrobat
@: no status effects
A: beak, talons 3, acrobatic
a: Renounce Religion, Potion Petition, Call Merchant, Bribe Branch


You were in the Dungeon.
You worshipped Gozag.
Gozag was noncommittal.
You visited 1 branch

Inventory:

Armour
 a - a +0 robe (worn)
 k - a +0 cloak (worn)
 m - a +1 chain mail
Jewellery
 l - a +3 ring of intelligence (left hand)
 n - a +2 ring of protection (right hand)
Wands
 j - a wand of quicksilver (10)
Scrolls
 g - 2 scrolls of blinking
 i - 2 scrolls of amnesia
Potions
 b - 4 potions of magic
 c - a potion of invisibility
 d - 3 potions of heal wounds
 e - a potion of haste
 f - a potion of berserk rage
 h - 4 potions of curing


   Skills:
 + Level 4.1 Dodging
 - Level 2.2 Stealth
 * Level 4.7 Unarmed Combat
 + Level 4.6 Spellcasting
 + Level 3.0 Conjurations
 + Level 9.6 Air Magic


You had 7 spell levels left.
You knew the following spells:

 Your Spells              Type           Power      Damage    Failure   Level
a - Shock                 Conj/Air       100%       1d9       1%          1
b - Static Discharge      Conj/Air       52%        2-5/arc   1%          2
c - Swiftness             Air            38%        N/A       1%          3

Your spell library contained the following spells:

 Spells                   Type           Power      Damage    Failure   Level
 Airstrike                Air            19%        2d(3-19)  2%          4


Dungeon Overview and Level Annotations

Branches:
Dungeon (1/1)

Altars:
Cheibriados
Dithmenos
Elyvilon
Fedhas
Gozag
Hepliaklqana
Kikubaaqudgha
Makhleb
Nemelex Xobeh
Okawaru
Qazlal
Ru
Sif Muna
Trog
Uskayaw
Vehumet
Wu Jian
Xom
Yredelemnul
Zin
The Shining One
Jiyva
Lugonu


Innate Abilities, Weirdness & Mutations

You have a beak for a mouth.
You have claws for feet.
You can magically evade attacks while moving or waiting.


Message History

The zap hits the centaur!
The centaur is moderately wounded.
The zap hits the centaur.
The centaur is lightly wounded.
The centaur shouts!
The zap hits the wraith.
The wraith is lightly damaged.
The zap hits the yak.
The yak is lightly wounded.
Aiming: Shock (safe; 1% risk of failure)
Press: ? - help, Q - select action, (/) - cycle Shift-Dir - straight line, f/p - two-headed ogre
Aim: a two-headed ogre, wielding two +0 giant spiked clubs (lightly wounded, 88% to hit)
The zap hits the two-headed ogre.
The two-headed ogre is lightly wounded.
The zap hits the wight!
The wight is severely damaged.
The zap hits the centaur!
The centaur is severely wounded.
The zap hits the centaur.
The centaur is lightly wounded.
The zap hits the wraith.
The wraith is moderately damaged.
The zap misses the yak.
The two-headed ogre hits you with a +0 giant spiked club!
Ouch! That really hurt!
The two-headed ogre misses you.
Aiming: Shock (safe; 1% risk of failure)
Press: ? - help, Q - select action, (/) - cycle Shift-Dir - straight line, f/p - two-headed ogre
Aim: a two-headed ogre, wielding two +0 giant spiked clubs (lightly wounded, 88% to hit)
The zap hits the two-headed ogre.
The two-headed ogre is moderately wounded.
The zap hits the wight but does no damage.
The wight is severely damaged.
The zap misses the centaur. x2; The zap misses the wraith.
The zap hits the yak.
The yak is moderately wounded.
The two-headed ogre hits you with a +0 giant spiked club.
The two-headed ogre hits you with a +0 giant spiked club!
Ouch! That really hurt!
You die...
Your body crumbles into a pile of gold.

▓.▓
▓Y▓
▓W▓
▓c▓
▓c▓
▓z▓
▓O▓
▓@▓
▓.▓
▓[▓
▓.▓
▓.▓
▓.▓
▓)▓
▓.▓
▓.▓


You could see a two-headed ogre, a yak, a wraith, 2 centaurs and a wight.

Vanquished Creatures
  An ogre (D)
  A hound (D)
  3 adders (D)
  An endoplasm (D)
  A giant cockroach (D)
  A goblin (D)
  A frilled lizard (D)
  A rat (D)
10 creatures vanquished.

Notes
Turn   | Place    | Note
-------+----------+-------------------------------------------
     0 | D        | rocky1 the Tengu Air Elementalist began the quest for the
                  | Orb.
     0 | D        | Reached XP level 1. HP: 10/10 MP: 4/4
     6 | D        | Reached skill level 5 in Air Magic
   153 | D        | Noticed a hound
   153 | D        | Noticed an ogre
   156 | D        | Reached skill level 1 in Unarmed Combat
   156 | D        | Reached skill level 6 in Air Magic
   156 | D        | Reached XP level 2. HP: 14/15 MP: 2/6
   162 | D        | Reached XP level 3. HP: 12/19 MP: 5/8
   163 | D        | Reached skill level 7 in Air Magic
   164 | D        | Killed an ogre
   165 | D        | Reached skill level 9 in Air Magic
   165 | D        | Reached XP level 4. HP: 11/24 MP: 3/11
   165 | D        | Reached XP level 5. HP: 13/28 MP: 3/12
   239 | D        | Found a snail-covered altar of Cheibriados.
   239 | D        | Found a shadowy altar of Dithmenos.
   239 | D        | Found a white marble altar of Elyvilon.
   239 | D        | Found a blossoming altar of Fedhas.
   239 | D        | Found an opulent altar of Gozag.
   240 | D        | Found a hazy altar of Hepliaklqana.
   241 | D        | Found a viscous altar of Jiyva.
   242 | D        | Found an ancient bone altar of Kikubaaqudgha.
   243 | D        | Found a corrupted altar of Lugonu.
   244 | D        | Found a burning altar of Makhleb.
   245 | D        | Found a sparkling altar of Nemelex Xobeh.
   246 | D        | Found an iron altar of Okawaru.
   247 | D        | Became a worshipper of Gozag Ym Sagoz the Greedy
   248 | D        | Found a stormy altar of Qazlal.
   249 | D        | Found a sacrificial altar of Ru.
   250 | D        | Found a shimmering blue altar of Sif Muna.
   251 | D        | Found a bloodstained altar of Trog.
   252 | D        | Found a hide-covered altar of Uskayaw.
   253 | D        | Found a radiant altar of Vehumet.
   254 | D        | Found an ornate altar of the Wu Jian Council.
   255 | D        | Found a shimmering altar of Xom.
   256 | D        | Found a basalt altar of Yredelemnul.
   257 | D        | Found a glowing silver altar of Zin.
   258 | D        | Found a glowing golden altar of the Shining One.
   296 | D        | Learned a level 2 spell: Static Discharge
   300 | D        | Learned a level 3 spell: Swiftness
   300 | D        | Noticed a yak
   300 | D        | Noticed a wraith
   300 | D        | Noticed a centaur
   300 | D        | Noticed a centaur
   300 | D        | Noticed a two-headed ogre
   303 | D        | Mangled by a two-headed ogre

Illustrated notes

Levels and vault maps discovered:
D:        linesprint [early_d, line_temple, items_1, d_10, items_2, lair_1,
          lair_end, items_3, orc_1, orc_end, items_4, d_15, swamp_1, shoals_1,
          snake_1, spider_1, d_20, vaults_1, items_5, swamp_end, shoals_end,
          snake_end, spider_end, vaults_end, d_27, items_6, zot_1, zot_end,
          crypt_end, forest_end, elf_end, slime_end, tomb_end, abyss_end,
          pan_hell_end]

Skill      XL: |  1  2  3  4  5 |
---------------+----------------+-----
Air Magic      | 6 9 |  9.6
Unarmed Combat | 1 4 |  4.7
Dodging        | 4 |  4.1
Spellcasting   | 4 |  4.6
Conjurations   | 2 3 |  3.0
Stealth        | |  2.2

Action                     |  1- 3 |  4- 6 || total
---------------------------+-------+-------++-------
  Melee: Unarmed           |     7 |     1 ||     8
         Kick              |     1 |     1 ||     2
   Cast: Shock             |    12 |     3 ||    15
    Use: Potion            |     2 |       ||     2
 Armour: Robe              |    11 |     3 ||    14
  Dodge: Dodged            |     8 |     1 ||     9

Table legend: (Time is in decaauts)
 A = Elapsed time spent in this place.
 B = Non-inter-level travel time spent in this place.
 C = Inter-level travel time spent in this place.
 D = Time resting spent in this place.
 E = Time spent auto-exploring this place.
 F = Levels seen in this place.
 G = Mean time per level.
                   A        B        C        D        E       F      G
               +--------+--------+--------+--------+--------+-----+--------+
         Total |    301 |    301 |      0 |    200 |      0 |   1 |  301.0 |
       Dungeon |    301 |    301 |      0 |    200 |      0 |   1 |  301.0 |
               +--------+--------+--------+--------+--------+-----+--------+

Top non-repeatable levels by time:
       D: 301 daAuts
